 Dungeon Sprint DCSS version 0.30-a0-364-gf6b3ef1049 (webtiles) character file.

Game seed: 10271404763301446352

0 opdollar the Vexing (level 1, -1/17 HPs)
             Began as a Gnoll Hexslinger on Nov 14, 2022.
             Was a Follower of Cheibriados.
             Slain by a phantom (6 damage)
             ... in the Dungeon (Sprint VI: "Thunderdome").
             The game lasted 00:07:15 (122 turns).

opdollar the Vexing (Gnoll Hexslinger)               Turns: 122, Time: 00:07:22

Health: -1/17      AC:  2    Str: 12    XL:     1   Next: 50%
Magic:  1/4        EV: 14    Int: 15    God:    Cheibriados [*.....]
Gold:   200        SH:  0    Dex: 15    Spells: 4/5 levels left

rFire   . . .      SeeInvis .    a - +1 sling
rCold   . . .      Faith    .    (no shield)
rNeg    . . .      Spirit   .    c - +0 robe
rPois   .          Reflect  .    (no helmet)
rElec   .          Harm     .    (no cloak)
rCorr   .          Rampage  .    (no gloves)
Will    .....      NoTele   +    (no boots)
Stlth   ++........               (no amulet)
HPRegen 0.22/turn                (no ring)
MPRegen 0.09/turn                (no ring)

@: very slow
A: fangs 1, strong nose, distributed training
a: Renounce Religion, Bend Time


You were in the Dungeon.
You worshipped Cheibriados.
Cheibriados was aware of your devotion.
You visited 1 branch You collected 200 gold pieces.

Inventory:

Hand Weapons
 a - a +1 sling (weapon)
Armour
 c - a +0 robe (worn)
Wands
 k - a wand of quicksilver (5)
 l - a wand of iceblast (5)
Scrolls
 b - a scroll of poison
 i - 4 scrolls of blinking
 m - 3 scrolls of fog
Potions
 d - a potion of curing
 e - 4 potions of heal wounds
 f - 4 potions of haste
 g - 2 potions of magic
 h - a potion of berserk rage
 j - a potion of resistance


   Skills:
 + Level 2.6 Fighting
 + Level 0.7 Short Blades
 + Level 0.7 Long Blades
 + Level 0.7 Axes
 + Level 0.7 Maces & Flails
 + Level 0.7 Polearms
 + Level 0.7 Staves
 + Level 4.5 Ranged Weapons
 + Level 0.7 Throwing
 + Level 0.7 Armour
 + Level 4.5 Dodging
 + Level 0.7 Stealth
 + Level 0.7 Shields
 + Level 0.7 Unarmed Combat
 + Level 2.8 Spellcasting
 + Level 0.5 Conjurations
 + Level 5.4 Hexes
 + Level 0.5 Summonings
 + Level 0.5 Necromancy
 + Level 0.5 Translocations
 + Level 0.5 Transmutations
 + Level 0.5 Fire Magic
 + Level 0.5 Ice Magic
 + Level 0.5 Air Magic
 + Level 0.5 Earth Magic
 + Level 0.5 Poison Magic
 + Level 0.9 Invocations
 + Level 0.7 Evocations


You had 4 spell levels left.
You knew the following spells:

 Your Spells              Type           Power      Damage    Failure   Level
a - Slow                  Hex            72%        N/A       2%          1

Your spell library contained the following spells:

 Spells                   Type           Power      Damage    Failure   Level
 Inner Flame              Hex/Fire       11%        N/A       19%         3
 Portal Projectile        Hex/Tloc       22%        N/A       19%         3
 Cause Fear               Hex            9%         N/A       22%         4


Dungeon Overview and Level Annotations

Branches:
Dungeon (1/1)

Altars:
Cheibriados
Dithmenos
Fedhas
Gozag
Kikubaaqudgha
Makhleb
Okawaru
Qazlal
Ru
Sif Muna
Trog
Uskayaw
Vehumet
Wu Jian
Xom
Yredelemnul
Zin
The Shining One
Lugonu

Shops:
D *[??*?*:[((!!!!


Innate Abilities, Weirdness & Mutations

You have very sharp teeth.
Your uncanny sense of smell can sniff out nearby items.
Your experience applies equally to all skills.


Message History

You shoot a sling bullet. The sling bullet misses the phantom.
The phantom hits you.
Fire: a) +1 sling
Press: ? - help, Shift-Dir - straight line, f/p - phantom
Aim: a phantom (moderately damaged, 50% to hit)
You shoot a sling bullet. The sling bullet misses the phantom.
The phantom hits you but does no damage.
Fire: a) +1 sling
Press: ? - help, Shift-Dir - straight line, f/p - phantom
Aim: a phantom (moderately damaged, 50% to hit)
You shoot a sling bullet.
The sling bullet closely misses the phantom.
The phantom hits you but does no damage.
Fire: a) +1 sling
Press: ? - help, Shift-Dir - straight line, f/p - phantom
Aim: a phantom (moderately damaged, 50% to hit)
You shoot a sling bullet. The sling bullet hits the phantom!
The phantom is heavily damaged.
The phantom hits you.
* * * LOW HITPOINT WARNING * * *
Fire: a) +1 sling
Press: ? - help, Shift-Dir - straight line, f/p - phantom
Aim: a phantom (heavily damaged, 50% to hit)
You shoot a sling bullet.
The sling bullet completely misses the phantom.
The phantom hits you but does no damage.
Fire: a) +1 sling
Press: ? - help, Shift-Dir - straight line, f/p - phantom
Aim: a phantom (heavily damaged, 50% to hit)
You shoot a sling bullet. The sling bullet hits the phantom.
The phantom is heavily damaged.
The phantom closely misses you.
A rat comes into view.
Fire: a) +1 sling
Press: ? - help, Shift-Dir - straight line, f/p - phantom
Aim: a phantom (heavily damaged, 50% to hit)
You shoot a sling bullet.
The sling bullet barely misses the phantom.
The phantom closely misses you. The phantom hits you.
You die...

#.....# ##.....## ##∩.....∩##
#∩.......∩# #_......._#
#_........# #_........#
###.........###
#⌠.......W@..⌠#
######.8..)......8.######
##.___......###......__.∩##
#∩........8.# #.8........∩###
............###r............##
.........###...###..........⌠#
.........# #.<.# #..........⌠#
.........###...###..........⌠#
............###.............##


You could see a phantom and a rat.

Vanquished Creatures
  A goblin (D)
  A jackal (D)
  A ball python (D)
3 creatures vanquished.

Notes
Turn   | Place    | Note
-------+----------+-------------------------------------------
     0 | D        | opdollar the Gnoll Hexslinger began the quest for the Orb.
     0 | D        | Reached XP level 1. HP: 17/17 MP: 4/4
     0 | D        | Found a stormy altar of Qazlal.
     0 | D        | Found a shadowy altar of Dithmenos.
     3 | D        | Found an ancient bone altar of Kikubaaqudgha.
     3 | D        | Found a blossoming altar of Fedhas.
     5 | D        | Found a basalt altar of Yredelemnul.
     5 | D        | Round 1.
     7 | D        | Found a snail-covered altar of Cheibriados.
     8 | D        | Found a corrupted altar of Lugonu.
     8 | D        | Found a shimmering blue altar of Sif Muna.
     9 | D        | Found a hide-covered altar of Uskayaw.
     9 | D        | Found a radiant altar of Vehumet.
    10 | D        | Found an iron altar of Okawaru.
    10 | D        | Found Oqu Fuov's Premium Goods.
    10 | D        | Found Dipakoh's Weapon Rack.
    11 | D        | Found Umiuph's Miscellaneous Merchandise.
    11 | D        | Found Voikawiro's Basic Armour.
    15 | D        | Became a worshipper of Cheibriados the Contemplative
    20 | D        | Found a sacrificial altar of Ru.
    21 | D        | Found Keeskepoi's Identification Station.
    22 | D        | Found Qyriocs's Advanced Armour.
    22 | D        | Found Aloty's Jewellery.
    23 | D        | Found a shimmering altar of Xom.
    23 | D        | Found a bloodstained altar of Trog.
    36 | D        | Found a glowing golden altar of the Shining One.
    37 | D        | Found a glowing silver altar of Zin.
    37 | D        | Found Jog Zaj's Magic Scroll Shop.
    38 | D        | Found Toras's Magic Scroll Shop.
    38 | D        | Found Maibobbu's Must-Have Magic.
    39 | D        | Found a burning altar of Makhleb.
    39 | D        | Found Osuizarph's Staff Store.
    44 | D        | Reached * piety under Cheibriados
    48 | D        | Found an opulent altar of Gozag.
    55 | D        | Found Viavi's Distillery.
    56 | D        | Found Jonautri's Distillery.
    56 | D        | Found Purhi's Bottled Wisdom.
    57 | D        | Found an ornate altar of the Wu Jian Council.
    57 | D        | Found Daomm's Do-It-Yourself Clinic.
   111 | D        | Noticed a phantom
   122 | D        | Slain by a phantom

Illustrated notes

Levels and vault maps discovered:
D:        arena_sprint

Action                   || total
-------------------------++-------
 Fire: Sling             ||    17
Invok: Bend Time         ||     1
Armor: Robe              ||     3
Dodge: Dodged            ||     2

Table legend: (Time is in decaauts)
 A = Elapsed time spent in this place.
 B = Non-inter-level travel time spent in this place.
 C = Inter-level travel time spent in this place.
 D = Time resting spent in this place.
 E = Time spent auto-exploring this place.
 F = Levels seen in this place.
 G = Mean time per level.
                   A        B        C        D        E       F      G
               +--------+--------+--------+--------+--------+-----+--------+
         Total |    157 |     35 |    122 |      0 |      0 |   1 |  157.0 |
       Dungeon |    157 |     35 |    122 |      0 |      0 |   1 |  157.0 |
               +--------+--------+--------+--------+--------+-----+--------+

Top non-repeatable levels by time:
       D: 157 daAuts
